 Dungeon Crawl Stone Soup version 0.31.0-11-ge490571c62 (webtiles) character file.

Game seed: 12950360297219169345

461 SnakkuSnakku7 the Poker (level 7, 0/51 HPs)
             Began as a Merfolk Air Elementalist on Jan 31, 2024.
             Slain by a water moccasin (5 damage)
             ... on level 5 of the Dungeon.
             The game lasted 00:04:46 (3584 turns).

SnakkuSnakku7 the Poker (Merfolk Air Elementalist)  Turns: 3584, Time: 00:04:47

Health: 0/51       AC:  6    Str: 10    XL:     7   Next: 7%
Magic:  10/10      EV: 12    Int: 14    God:
Gold:   190        SH:  0    Dex: 15    Spells: 9/10 levels left

rFire   . . .        a - +0 glaive
rCold   . . .        (shield currently unavailable)
rNeg    . . .        t - +0 leather armour
rPois   .            (no helmet)
rElec   .            (no cloak)
rCorr   .            (no gloves)
SInv    .            d - +2 pair of boots
Will    .....        (no amulet)
Stlth   ++           (no ring)
HPRegen 0.28/turn    (no ring)
MPRegen 0.12/turn

%: no passive effects
@: lethally poisoned (0 -> -25)
A: (nimble swimmer 2), mertail
a: no special abilities


You were on level 5 of the Dungeon.
You visited 1 branch of the dungeon, and saw 5 of its levels.

You collected 190 gold pieces.

Inventory:

Hand Weapons
 a - a +0 glaive (weapon)
Missiles
 c - 5 poisoned darts (quivered)
Armour
 d - a +2 pair of boots (worn)
 n - a +0 robe
 t - a +0 leather armour (worn)
Wands
 o - a wand of polymorph (10)
 s - a wand of flame (31)
Scrolls
 e - a scroll of immolation
 j - a scroll of identify {unknown}
 l - a scroll of fog {unknown}
 m - a scroll of enchant weapon {unknown}
Potions
 b - a potion of magic
 f - a potion of brilliance {unknown}
 g - 2 potions of heal wounds {unknown}
 h - 2 potions of might {unknown}
 i - a potion of curing {unknown}
 k - a potion of attraction {unknown}
 p - 2 potions of haste {unknown}
 q - a potion of degeneration {unknown}
 r - a potion of berserk rage {unknown}
 u - a potion of invisibility {unknown}
 v - a potion of resistance {unknown}
 w - a potion of mutation {unknown}


   Skills:
 - Level 2.7 Fighting
 + Level 7.6 Polearms
 - Level 2.6 Dodging
 - Level 2.1 Stealth
 - Level 2.7 Unarmed Combat
 - Level 2.0 Spellcasting
 - Level 0.7 Conjurations
 - Level 2.4 Air Magic


You had 9 spell levels left.
You knew the following spells:

 Your Spells              Type           Power      Damage    Failure   Level
a - Shock                 Conj/Air       20%        1d4       17%         1

Your spell library contained the following spells:

 Spells                   Type           Power      Damage    Failure   Level
 Static Discharge         Conj/Air       10%        3-4/arc   26%         2
 Slow                     Hex            4%         N/A       32%         1
 Swiftness                Air            8%         N/A       36%         3
 Confusing Touch          Hex            1%         N/A       67%         3
 Sigil of Binding         Hex            1%         N/A       67%         3
 Vampiric Draining        Necr           1%         2d6       67%         3
 Airstrike                Air            4%         2d(1-17)  77%         4
 Conjure Ball Lightning   Conj/Air       2%         3x3d6     100%        6
 Discord                  Hex            0%         N/A       100%        8
 Disjunction              Tloc           0%         N/A       100%        8


Dungeon Overview and Level Annotations

Branches:
Dungeon (5/15)
 Temple: D:4-7

Altars:
Yredelemnul

Shops:
D:2 [

Annotations:
D:4 Dowan, Duvessa, Edmund
D:5 Sigmund


Innate Abilities, Weirdness & Mutations

((You are very nimble when in or above water. (Stealth+, EV+, Speed+++)))
Your lower body shifts to a powerful aquatic tail in water.


Message History

You slash the hound!
The hound is almost dead.
The hound bites you but does no damage. The hound barely misses you.
You barely miss the hound.
The hound is almost dead.
The hound bites you. The hound bites you but does no damage.
You barely miss the hound.
The hound is almost dead.
The hound bites you but does no damage. x2
You barely miss the hound.
The hound is almost dead.
The hound bites you. The hound closely misses you.
You slash the hound!
You kill the hound!
The water moccasin completely misses you.
You hit the water moccasin but do no damage.
The water moccasin bites you.
You are poisoned.
The water moccasin poisons you! The water moccasin bites you.
You are more poisoned.
The water moccasin poisons you!
You barely miss the water moccasin.
You feel extremely sick. The water moccasin misses you.
The water moccasin closely misses you.
You closely miss the water moccasin.
You feel very sick. The water moccasin barely misses you.
The water moccasin closely misses you.
You closely miss the water moccasin.
You feel very sick. The water moccasin bites you.
You are lethally poisoned!
The water moccasin poisons you!
You closely miss the water moccasin.
* * * LOW HITPOINT WARNING * * *
You feel very sick. The water moccasin bites you.
* * * LOW HITPOINT WARNING * * *
You are more poisoned.
The water moccasin poisons you! The water moccasin bites you.
You die...

###### #....#
#....###########
+....'.S@......#
#....#########.#
###### #.# #.#
#.# #.# ###
####.# #.#
#....# #.#
#.####


You could see a water moccasin.

Vanquished Creatures
  Eustachio (D:3)
  A black bear (D:5)
  A phantom (D:5)
  A hound (D:5)
  Jessica (D:2)
  4 adders
  A ribbon worm (D:2)
  2 dart slugs
  5 orcs
  4 endoplasms
  4 giant cockroaches
  8 hobgoblins
  6 kobolds
  A quokka (D:3)
  4 ball pythons
  5 bats
  2 frilled lizards
  7 goblins
  7 rats
65 creatures vanquished.

Notes
Turn   | Place    | Note
-------+----------+-------------------------------------------
     0 | D:1      | SnakkuSnakku7 the Merfolk Air Elementalist began the quest
                  | for the Orb.
     0 | D:1      | Reached XP level 1. HP: 13/13 MP: 3/3
   296 | D:1      | Reached skill level 1 in Fighting
   296 | D:1      | Reached skill level 1 in Unarmed Combat
   296 | D:1      | Reached XP level 2. HP: 21/21 MP: 5/5
   882 | D:1      | Reached XP level 3. HP: 20/27 MP: 6/6
  1136 | D:2      | Found Zoaz's Antique Armour Shoppe.
  1195 | D:2      | Found a faded altar of an unknown god.
  1801 | D:2      | Noticed Jessica
  1815 | D:2      | Killed Jessica
  1816 | D:2      | Reached XP level 4. HP: 29/34 MP: 7/7
  2091 | D:3      | Reached skill level 1 in Polearms
  2142 | D:3      | Reached skill level 2 in Polearms
  2648 | D:4      | Noticed Edmund
  2708 | D:4      | Noticed Eustachio
  2723 | D:3      | Reached XP level 5. HP: 29/39 MP: 8/8
  2857 | D:3      | Killed Eustachio
  2858 | D:3      | Reached skill level 5 in Polearms
  2858 | D:3      | Reached XP level 6. HP: 25/46 MP: 9/9
  3013 | D:4      | Noticed Duvessa
  3015 | D:4      | Noticed Dowan
  3122 | D:5      | Entered Level 5 of the Dungeon
  3385 | D:5      | Found a basalt altar of Yredelemnul.
  3386 | D:5      | Noticed Sigmund
  3412 | D:5      | Reached skill level 6 in Polearms
  3517 | D:5      | Noticed a black bear
  3526 | D:5      | Killed a black bear
  3527 | D:5      | Reached skill level 7 in Polearms
  3527 | D:5      | Reached XP level 7. HP: 49/51 MP: 10/10
  3584 | D:5      | Slain by a water moccasin

Illustrated notes

Levels and vault maps discovered:
D:1:      heliophobic_arrival_henge, layout_loops_corners
D:2:      layout_loops_ring, serial_shops, shop,
          hellmonk_ecumenical_altar_arch_garden, nicolae_hexahallways,
          uniq_jessica
D:3:      layout_rooms, serial_forest, infiniplex_forest_straight_3,
          infiniplex_forest_lined_2, infiniplex_forest_clump_curved,
          infiniplex_forest_clump_C, infiniplex_forest_end_3,
          infiniplex_forest_end_1
D:4:      layout_rooms, uniq_eustachio, uniq_duvessa, uniq_edmund
D:5:      cheibrodos_fertilizer, layout_basic,
          nicolae_dithmenos_through_a_glass_darkly,
          mainiacjoe_overflow_large_starburst, uniq_sigmund, uniq_blork_the_orc,
          uniq_menkaure

Skill      XL: |  1  2  3  4  5  6 |
---------------+-------------------+-----
Fighting       | 1 2 |  2.7
Unarmed Combat | 1 2 |  2.7
Polearms       | 2 5 7 |  7.6
Dodging        | |  2.6
Stealth        | |  2.1
Spellcasting   | |  2.0
Conjurations   | |  0.7
Air Magic      | |  2.4

Action                     |  1- 3 |  4- 6 |  7- 9 || total
---------------------------+-------+-------+-------++-------
  Melee: Unarmed           |   208 |    17 |       ||   225
         Punch             |     6 |     1 |       ||     7
         Glaive            |       |    99 |    12 ||   111
  Throw: Dart              |     1 |     2 |       ||     3
   Cast: Shock             |     1 |       |       ||     1
    Use: Scroll            |     2 |     3 |       ||     5
   Stab: Sleeping          |     6 |     1 |       ||     7
 Armour: Robe              |    88 |    55 |       ||   143
         Leather armour    |       |    34 |    12 ||    46
  Dodge: Dodged            |   135 |    88 |     9 ||   232
